 Dungeon Crawl Stone Soup version 0.21-a0-349-g0c35859 (webtiles) character file.

220 Monsterracer the Magician (level 5, -3/38 HPs)
             Began as a Gnoll Wizard on Oct 7, 2017.
             Killed from afar by an orc wizard (9 damage)
             ... with a puff of flame
             ... on level 4 of the Dungeon.
             The game lasted 00:05:07 (3193 turns).

Monsterracer the Magician (Gnoll Wizard)            Turns: 3193, Time: 00:05:08

Health: -3/38      AC:  5    Str:  9    XL:     5   Next: 97%
Magic:  0/14       EV: 14    Int: 22    God:
Gold:   215        SH:  0    Dex: 13    Spells: 9/18 levels left

rFire    . . .     SeeInvis .   a - +0 dagger
rCold    . . .     Gourm    .   (no shield)
rNeg     . . .     Faith    .   k - +0 robe
rPois    .         Spirit   .   v - +2 hat
rElec    .         Reflect  .   (no cloak)
rCorr    .         Harm     .   (no gloves)
MR       .....                  j - +0 pair of boots
Stlth    +++.......             (no amulet)
HPRegen  0.12/turn              (no ring)
MPRegen  0.14/turn              (no ring)

@: very slightly contaminated
A: distributed training, fangs 1, strong nose
a: no special abilities


You were on level 4 of the Dungeon.
You were not hungry.

You visited 1 branch of the dungeon, and saw 4 of its levels.

You collected 215 gold pieces.

Inventory:

Hand Weapons
 a - a +0 dagger (weapon)
 b - a +0 spear
 y - a cursed +0 dagger
Missiles
 c - 17 poisoned needles
 l - 7 javelins of returning (quivered)
Armour
 j - a +0 pair of boots (worn)
 k - a +0 robe (worn)
 v - a +2 hat (worn)
Scrolls
 h - a scroll of amnesia {unknown}
 m - a scroll of enchant armour {unknown}
 n - a scroll of enchant weapon {unknown}
 o - a scroll of random uselessness {unknown}
 q - 2 scrolls of identify {unknown}
 r - 4 scrolls of remove curse {unknown}
 s - a scroll of teleportation {unknown}
 t - a scroll of fear {unknown}
 w - a scroll of immolation {unknown}
Potions
 e - 6 potions of curing {unknown}
 f - 2 potions of lignification {unknown}
 g - 2 potions of agility {unknown}
 i - a potion of degeneration {unknown}
 p - a potion of heal wounds {unknown}
 u - a potion of might {unknown}
 x - a potion of flight {unknown}
 B - 2 potions of resistance {unknown}
Comestibles
 d - a bread ration
 z - a meat ration
 A - a chunk of flesh


   Skills:
 + Level 1.6 Fighting
 + Level 1.6 Short Blades
 + Level 1.6 Long Blades
 + Level 1.6 Axes
 + Level 1.6 Maces & Flails
 + Level 1.6 Polearms
 + Level 1.6 Staves
 + Level 1.6 Slings
 + Level 1.6 Bows
 + Level 1.6 Crossbows
 + Level 1.6 Throwing
 + Level 1.6 Armour
 + Level 4.8 Dodging
 + Level 4.5 Stealth
 + Level 1.6 Shields
 + Level 1.6 Unarmed Combat
 + Level 7.3 Spellcasting
 + Level 3.1 Conjurations
 + Level 1.6 Hexes
 + Level 1.6 Charms
 + Level 3.1 Summonings
 + Level 1.6 Necromancy
 + Level 3.1 Translocations
 + Level 1.6 Transmutations
 + Level 1.6 Fire Magic
 + Level 1.6 Ice Magic
 + Level 1.6 Air Magic
 + Level 1.6 Earth Magic
 + Level 1.6 Poison Magic
 + Level 1.6 Invocations
 + Level 1.6 Evocations


You had 9 spell levels left.
You knew the following spells:

 Your Spells              Type           Power        Failure   Level  Hunger
a - Magic Dart            Conj           ###.         2%          1    None
b - Conjure Flame         Conj/Fire      ###.....     9%          3    None
c - Mephitic Cloud        Conj/Pois/Air  ###.....     10%         3    None
e - Blink                 Tloc           N/A          3%          2    None


Dungeon Overview and Level Annotations

Branches:
Dungeon (4/15)
 Temple: D:4-7

Altars:
Dithmenos
Makhleb
Sif Muna
Trog


Innate Abilities, Weirdness & Mutations

Your experience applies equally to all skills.
You have very sharp teeth.
Your uncanny sense of smell can sniff out nearby items.


Message History

The orc wizard hits you with a dagger of protection.
Damage: -8%(-3hp) hp: 52%(19hp)
The orc wizard hits you but does no damage.
The orc wizard casts a spell at you. The magic dart hits you!
* * * LOW HITPOINT WARNING * * *
Huge Dmg: -27%(-10hp) hp: 25%(9hp)
Casting: Magic Dart
Confirm with . or Enter, or press ? or * to list all spells.
Aiming: Magic Dart
Press: ? - help, Shift-Dir - straight line, f/p - orc priest
Aim: an orc priest, wielding a short sword (almost dead, confused)
The magic dart hits the orc priest.
You kill the orc priest!
* * * LOW MAGIC WARNING * * *
The orc wizard hits you with a dagger of protection.
* * * LOW HITPOINT WARNING * * *
Damage: -2%(-1hp) hp: 22%(8hp) Unknown command.
Unknown command.
The orc wizard gestures at you while chanting.
The puff of flame hits you!
* * * LOW HITPOINT WARNING * * *
Huge Dmg: -8%(-3hp) hp: 14%(5hp)
The orc wizard gestures wildly while chanting.
The orc wizard flickers and vanishes!
Deactivating autopickup; reactivate with Ctrl-A.
A puff of flame appears from out of thin air!
The puff of flame hits you!
You die...

#.....<.....# ....
#.....##########....
#.....# #........#
##...## #.......## ..
##.#####........#...#
#.................#
#..####.......#.###
#..# #.......# ..
#... #..@....# ##
#.## #.###...# #.
##.###.{.### #.
..........).####.# ##
.##.#............#
...........#......
##.##....###.#.#.# #.
#)...# . # . ......#
#.


There were no monsters in sight!

Vanquished Creatures
  A howler monkey (D:4)
  An orc priest (D:4)
  6 adders
  2 oozes
  3 worms
  2 dart slugs
  3 leopard geckos
  3 orcs
  4 giant cockroaches
  7 goblins
  7 hobgoblins
  5 jackals
  A quokka (D:2)
  6 bats
  5 frilled lizards
  6 kobolds
  10 rats
72 creatures vanquished.

Notes
Turn   | Place    | Note
-------+----------+-------------------------------------------
     0 | D:1      | Monsterracer the Gnoll Wizard began the quest for the Orb.
     0 | D:1      | Reached XP level 1. HP: 13/13 MP: 8/8
   355 | D:1      | Reached XP level 2. HP: 19/19 MP: 8/10
   733 | D:1      | Reached XP level 3. HP: 25/25 MP: 9/11
   739 | D:1      | Learned a level 3 spell: Conjure Flame
   745 | D:1      | Learned a level 3 spell: Mephitic Cloud
   748 | D:1      | Learned a level 2 spell: Blink
  1306 | D:2      | Reached skill level 1 in Fighting
  1306 | D:2      | Reached skill level 1 in Short Blades
  1306 | D:2      | Reached skill level 1 in Long Blades
  1306 | D:2      | Reached skill level 1 in Axes
  1306 | D:2      | Reached skill level 1 in Maces & Flails
  1306 | D:2      | Reached skill level 1 in Polearms
  1306 | D:2      | Reached skill level 1 in Staves
  1306 | D:2      | Reached skill level 1 in Slings
  1306 | D:2      | Reached skill level 1 in Bows
  1306 | D:2      | Reached skill level 1 in Crossbows
  1306 | D:2      | Reached skill level 1 in Throwing
  1306 | D:2      | Reached skill level 1 in Armour
  1306 | D:2      | Reached skill level 1 in Shields
  1306 | D:2      | Reached skill level 1 in Unarmed Combat
  1306 | D:2      | Reached skill level 1 in Hexes
  1306 | D:2      | Reached skill level 1 in Charms
  1306 | D:2      | Reached skill level 1 in Necromancy
  1306 | D:2      | Reached skill level 1 in Transmutations
  1306 | D:2      | Reached skill level 1 in Fire Magic
  1306 | D:2      | Reached skill level 1 in Ice Magic
  1306 | D:2      | Reached skill level 1 in Air Magic
  1306 | D:2      | Reached skill level 1 in Earth Magic
  1306 | D:2      | Reached skill level 1 in Poison Magic
  1306 | D:2      | Reached skill level 1 in Invocations
  1306 | D:2      | Reached skill level 1 in Evocations
  1496 | D:2      | Reached XP level 4. HP: 28/32 MP: 7/13
  1586 | D:2      | Found a bloodstained altar of Trog.
  1905 | D:2      | Found a burning altar of Makhleb.
  2281 | D:3      | Found a shadowy altar of Dithmenos.
  2502 | D:3      | Reached XP level 5. HP: 37/37 MP: 7/14
  2896 | D:3      | Found a deep blue altar of Sif Muna.
  3187 | D:4      | HP: 9/37 [orc wizard/magic dart (10)]
  3193 | D:4      | Killed from afar by an orc wizard

Vault maps used:
D:1:      dpeg_arrival_rooms_b, serial_forest, infiniplex_forest_pool,
          infiniplex_forest_zigzag_2, infiniplex_forest_zigzag_2,
          infiniplex_forest_zigzag_1, infiniplex_forest_zigzag_2,
          infiniplex_forest_clump_diagonal, infiniplex_forest_clump_diagonal,
          infiniplex_forest_end_3, infiniplex_forest_end_double,
          minmay_quantized
D:2:      lemuel_crystal_altar, nicolae_overflow_hidden_temple,
          hangedman_abyss_or_decor_lesser_grid, kennysheep_generic_room_2
D:3:      lemuel_blue_sif_altar, grunt_dithmenos_smoke
D:4:      nicolae_overflow_crystal_walls, led_xom_imps,
          chequers_temple_overflow_minitemple, tgw_kikubaaqudgha

Skill      XL: |  1  2  3  4  5 |
---------------+----------------+-----
Fighting       | 1 |  1.6
Short Blades   | 1 |  1.6
Long Blades    | 1 |  1.6
Axes           | 1 |  1.6
Maces & Flails | 1 |  1.6
Polearms       | 1 |  1.6
Staves         | 1 |  1.6
Slings         | 1 |  1.6
Bows           | 1 |  1.6
Crossbows      | 1 |  1.6
Throwing       | 1 |  1.6
Armour         | 1 |  1.6
Shields        | 1 |  1.6
Unarmed Combat | 1 |  1.6
Hexes          | 1 |  1.6
Charms         | 1 |  1.6
Necromancy     | 1 |  1.6
Transmutations | 1 |  1.6
Fire Magic     | 1 |  1.6
Ice Magic      | 1 |  1.6
Air Magic      | 1 |  1.6
Earth Magic    | 1 |  1.6
Poison Magic   | 1 |  1.6
Invocations    | 1 |  1.6
Evocations     | 1 |  1.6
Conjurations   | 3 |  3.1
Summonings     | 3 |  3.1
Translocations | 3 |  3.1
Dodging        | |  4.8
Stealth        | |  4.5
Spellcasting   | |  7.3

Action                   |  1- 3 |  4- 6 || total
-------------------------+-------+-------++-------
Melee: Dagger            |    21 |    23 ||    44
       Bite              |       |     1 ||     1
 Cast: Magic Dart        |    56 |   107 ||   163
       Conjure Flame     |       |     1 ||     1
       Mephitic Cloud    |       |     2 ||     2
 Stab: Sleeping          |     2 |       ||     2
  Eat: Chunk             |     2 |     5 ||     7
Armor: Robe              |     2 |     9 ||    11
Dodge: Dodged            |    28 |    22 ||    50

Table legend:
 A = Spawn XP
 B = Non-spawn XP
 C = Spawn XP percentage of total XP
 D = Spawn monster count
 E = Non-spawn monster count
 F = Spawn count percentage of total count
 G = Total turns spent on level
                    A         B        C        D         E        F      G
               +---------+---------+-------+---------+---------+-------+---------
         Total |       0 |     315 |   0.0 |       0 |      72 |   0.0 |  3193
               +---------+---------+-------+---------+---------+-------+---------
           D:1 |       0 |      40 |   0.0 |       0 |      19 |   0.0 |  1176
           D:2 |       0 |      73 |   0.0 |       0 |      23 |   0.0 |   990
           D:3 |       0 |      86 |   0.0 |       0 |      23 |   0.0 |   829
           D:4 |       0 |     116 |   0.0 |       0 |       7 |   0.0 |   198
               +---------+---------+-------+---------+---------+-------+---------

Vault maps used:
D:1:      dpeg_arrival_rooms_b, serial_forest, infiniplex_forest_pool,
          infiniplex_forest_zigzag_2, infiniplex_forest_zigzag_2,
          infiniplex_forest_zigzag_1, infiniplex_forest_zigzag_2,
          infiniplex_forest_clump_diagonal, infiniplex_forest_clump_diagonal,
          infiniplex_forest_end_3, infiniplex_forest_end_double,
          minmay_quantized
D:2:      lemuel_crystal_altar, nicolae_overflow_hidden_temple,
          hangedman_abyss_or_decor_lesser_grid, kennysheep_generic_room_2
D:3:      lemuel_blue_sif_altar, grunt_dithmenos_smoke
D:4:      nicolae_overflow_crystal_walls, led_xom_imps,
          chequers_temple_overflow_minitemple, tgw_kikubaaqudgha
